 Dungeon Crawl Stone Soup version 0.24-a0-280-g7cec4da (webtiles) character file.

Game seed: 12073966419415397762

76 silenth the Shooter (level 4, 0/28 HPs)
             Began as a Tengu Hunter on May 12, 2019.
             Succumbed to Crazy Yiuf's poison
             ... on level 2 of the Dungeon.
             The game lasted 00:01:44 (1659 turns).

silenth the Shooter (Tengu Hunter)                  Turns: 1659, Time: 00:01:45

Health: 0/28       AC:  4    Str: 13    XL:     4   Next: 32%
Magic:  5/5        EV: 12    Int: 12    God:
Gold:   142        SH:  0    Dex: 14    Spells: 3/3 levels left

rFire    . . .     SeeInvis .   a - +1 shortbow
rCold    . . .     Gourm    .   (shield currently unavailable)
rNeg     . . .     Faith    .   c - +0 leather armour
rPois    .         Spirit   .   (helmet restricted)
rElec    .         Reflect  .   (no cloak)
rCorr    .         Harm     .   h - +0 pair of gloves (curse)
MR       .....                  (boots unavailable)
Stlth    +.........             (no amulet)
HPRegen  0.09/turn              (no ring)
MPRegen  0.09/turn              (no ring)

@: lethally poisoned (0 -> -13)
A: beak, talons 3
a: no special abilities


You were on level 2 of the Dungeon.
You were very hungry.

You visited 1 branch of the dungeon, and saw 2 of its levels.

You collected 142 gold pieces.

Inventory:

Hand Weapons
 a - a +1 shortbow (weapon)
 b - a +0 short sword
Missiles
 d - 32 arrows (quivered)
Armour
 c - a +0 leather armour (worn)
 h - a cursed +0 pair of gloves (worn)
Scrolls
 f - a scroll of blinking {unknown}
 i - a scroll of remove curse {unknown}
 j - a scroll of teleportation {unknown}
 l - a scroll of immolation {unknown}
 m - a scroll of identify {unknown}
 n - a scroll of enchant weapon {unknown}
Potions
 g - a potion of degeneration {unknown}
 k - a potion of brilliance {unknown}
 o - a potion of curing {unknown}
Comestibles
 e - 6 rations


   Skills:
 + Level 3.0 Fighting
 * Level 5.7 Bows
 - Level 2.1 Dodging
 - Level 1.0 Stealth


You had 3 spell levels left.
You didn't know any spells.
Your spell library was empty.

Dungeon Overview and Level Annotations

Branches:
Dungeon (2/15)

Altars:
Trog


Innate Abilities, Weirdness & Mutations

You have a beak for a mouth.
You have claws for feet.


Message History

Crazy Yiuf hits you with a +4 quarterstaff of chaos!
Ouch! That really hurt!
* * * LOW HITPOINT WARNING * * *
You are lethally poisoned!
Firing (i - inventory)
d - 34 arrows (quivered)
Press: ? - help, Shift-Dir - straight line, f/p - Crazy Yiuf
Aim: Crazy Yiuf, wielding a +4 quarterstaff of chaos and wearing a cursed +0 cloak (heavily wounded)
You shoot an arrow. The arrow hits Crazy Yiuf!
Crazy Yiuf is almost dead.
* * * LOW HITPOINT WARNING * * *
You feel sick. Crazy Yiuf barely misses you.
Firing (i - inventory)
d - 33 arrows (quivered)
Press: ? - help, Shift-Dir - straight line, f/p - Crazy Yiuf
Aim: Crazy Yiuf, wielding a +4 quarterstaff of chaos and wearing a cursed +0 cloak (almost dead)
You shoot an arrow. The arrow hits Crazy Yiuf.
You kill Crazy Yiuf!
Your Fighting skill increases to level 3!
You have reached level 4!
You feel clever.
You die...

#....#
########.#
##..##
#.....##.###
#....#
#........<..
#...##
#.....#.##..
##.##
#.......###.
#.##
#..####...#.
##.# ##.#
#.#.#. #.##
#.## #.#.#.
##@#
#..###.#...
▒)▒
##..##.###.
...
##......##
▒...▒
#..>...##
▒..)▒
#........
▒▒▒▒▒
##.....##
#.....#
###.####
#.....


There were no monsters in sight!

Vanquished Creatures
  Crazy Yiuf (D:2)
  An adder (D:2)
  A worm (D:2)
  2 dart slugs (D:2)
  A leopard gecko (D:1)
  A giant cockroach (D:2)
  3 hobgoblins
  5 jackals (D:2)
  A ball python (D:1)
  6 bats
  A frilled lizard (D:1)
  3 goblins
  5 kobolds
  3 rats
34 creatures vanquished.

Notes
Turn   | Place    | Note
-------+----------+-------------------------------------------
     0 | D:1      | silenth the Tengu Hunter began the quest for the Orb.
     0 | D:1      | Reached XP level 1. HP: 12/12 MP: 2/2
   314 | D:1      | Reached XP level 2. HP: 17/17 MP: 3/3
   963 | D:2      | Reached skill level 5 in Bows
  1178 | D:2      | Reached XP level 3. HP: 19/22 MP: 4/4
  1321 | D:2      | Found a bloodstained altar of Trog.
  1459 | D:2      | Found a runed translucent door.
  1460 | D:2      | Noticed Crazy Yiuf
  1658 | D:2      | HP: 1/22 [poisoned by Crazy Yiuf]
  1659 | D:2      | Killed Crazy Yiuf
  1659 | D:2      | Reached skill level 3 in Fighting
  1659 | D:2      | Reached XP level 4. HP: 1/28 MP: 5/5
  1659 | D:2      | Succumbed to Crazy Yiuf's poison

Levels and vault maps discovered:
D:1:      giann_forest_graveyard, layout_basic
D:2:      layout_rooms, lightli_temple_of_fire, uniq_crazy_yiuf_cottage

Skill      XL: |  1  2  3 |
---------------+----------+-----
Bows           | 5 |  5.7
Fighting       | 3 |  3.0
Dodging        | |  2.1
Stealth        | |  1.0

Action                   |  1- 3 |  4- 6 || total
-------------------------+-------+-------++-------
Melee: Short sword       |    70 |       ||    70
       Kick              |    18 |       ||    18
       Peck              |     5 |       ||     5
 Fire: Shortbow          |    24 |       ||    24
 Stab: Distracted        |     1 |       ||     1
  Eat: Chunk             |     1 |       ||     1
Armor: Leather armour    |    21 |       ||    21
Dodge: Dodged            |    55 |       ||    55

Table legend:
 A = Non-vault XP
 B = Vault XP
 C = Vault XP percentage of total XP
 D = Non-vault monster count
 E = Vault monster count
 F = Vault count percentage of total count
                 A         B        C        D         E       F
            +---------+---------+-------+---------+---------+-------
      Total |      72 |      37 |  33.9 |      33 |       1 |   2.9
            +---------+---------+-------+---------+---------+-------
        D:1 |      16 |       0 |   0.0 |      12 |       0 |   0.0
        D:2 |      56 |      37 |  39.8 |      21 |       1 |   4.5
            +---------+---------+-------+---------+---------+-------
